 Dungeon Crawl Stone Soup version 0.30-a0-1018-g25214051b3 (webtiles) character file.

Game seed: 12611073146378559213

23 Pimp the Ducker (level 2, -2/23 HPs)
             Began as a Demonspawn Gladiator on Apr 7, 2023.
             Slain by an ice beast (7 damage)
             ... on level 4 of the Dungeon.
             The game lasted 00:00:58 (1060 turns).

Pimp the Ducker (Demonspawn Gladiator)              Turns: 1060, Time: 00:00:59

Health: -2/23      AC:  4    Str: 14    XL:     2   Next: 72%
Magic:  2/2        EV: 12    Int:  9    God:
Gold:   26         SH:  0    Dex: 14    Spells: 1/1 levels left

rFire   . . .      SeeInvis .    a - +0 long sword
rCold   . . .      Faith    .    (no shield)
rNeg    . . .      Spirit   .    b - +0 leather armour
rPois   .          Reflect  .    c - +0 helmet
rElec   .          Rampage  .    (no cloak)
rCorr   .                        (no gloves)
Will    .....                    (no boots)
Stlth   +                        (no amulet)
HPRegen 0.23/turn                (no ring)
MPRegen 0.08/turn                (no ring)

@: no status effects
A: demonic touch 1
a: no special abilities


You were on level 4 of the Dungeon.
You visited 1 branch of the dungeon, and saw 3 of its levels.

You collected 26 gold pieces.

Inventory:

Hand Weapons
 a - a +0 long sword (weapon)
Missiles
 d - 3 throwing nets (quivered)
 e - a javelin
Armour
 b - a +0 leather armour (worn)
 c - a +0 helmet (worn)
Scrolls
 j - a scroll of teleportation {unknown}
Potions
 f - 2 potions of heal wounds {unknown}
 h - a potion of curing {unknown}


   Skills:
 + Level 2.3 Fighting
 + Level 2.9 Long Blades
 + Level 2.1 Throwing
 + Level 3.0 Dodging


You had one spell level left.
You didn't know any spells.
Your spell library was empty.

Dungeon Overview and Level Annotations

Branches:
Dungeon (2/15)

Altars:


Innate Abilities, Weirdness & Mutations

Your touch may inflict minor irresistible damage on your foes.


Message History

The shaft crumbles and collapses.
You see here 8 stones.
You see here 8 stones.
A goblin comes into view. It is wielding a +0 dagger.
The goblin shouts!
Unknown command.
The goblin barely misses you.
You closely miss the goblin.
You touch the goblin.
You kill the goblin!
Things that are here:
a +0 dagger; a +0 leather armour You closely miss the ice beast.
The ice beast hits you but does no damage.
You barely miss the ice beast.
The ice beast hits you but does no damage.
You hit the ice beast.
The ice beast is lightly wounded.
The ice beast hits you but does no damage.
The ice beast closely misses you.
You hit the ice beast. Your touch misses the ice beast.
The ice beast is lightly wounded.
The ice beast hits you. The ice beast freezes you!
Ouch! That really hurt!
You hit the ice beast. Your touch misses the ice beast.
The ice beast is moderately wounded.
The ice beast misses you.
You closely miss the ice beast.
The ice beast is moderately wounded.
The ice beast barely misses you.
As you read the scroll labelled KYUBEAL LEQOT, it crumbles to dust.
You hear a loud clanging noise!
It was a scroll of noise.
You hear a shout!
The ice beast closely misses you.
As you read the scroll labelled RUZ GATAECA, it crumbles to dust.
The creatures around you are filled with an inner flame!
It was a scroll of immolation.
The ice beast hits you.
* * * LOW HITPOINT WARNING * * *
The ice beast freezes you!
You die...

######.####....###
.......# #....# #.#.#
.......# #....# #...
......## #....# #..#
...#### #....# #..# ..###
#....# #..##
#...###############...##
##...#.................##
###............@Y......#
###..############......#
#....# #....# #.......#
#..(.# #....# #........
##...# #....# #.g......
##..# #....# #.....Y#.
##...# #..$.# #......#
###...## #....# #.....##
....###


You could see an ice beast (inner flame).

Vanquished Creatures
  A dart slug (D:1)
  2 endoplasms
  A giant cockroach (D:1)
  5 goblins
  A hobgoblin (D:1)
  3 kobolds
  A bat (D:1)
  2 frilled lizards (D:1)
  4 rats
20 creatures vanquished.

Notes
Turn   | Place    | Note
-------+----------+-------------------------------------------
     0 | D:1      | Pimp the Demonspawn Gladiator began the quest for the Orb.
     0 | D:1      | Reached XP level 1. HP: 16/16 MP: 1/1
   183 | D:1      | Discovered your monstrous ancestry.
   183 | D:1      | Gained mutation: Your touch may inflict minor irresistible
                  | damage on your foes. [demonic ancestry]
   183 | D:1      | Reached XP level 2. HP: 22/22 MP: 2/2
   887 | D:2      | Reached skill level 3 in Dodging
   901 | D:2      | You fall into a shaft and drop 2 floors!
   932 | D:4      | Noticed an ice beast
  1060 | D:4      | Slain by an ice beast

Illustrated notes

Levels and vault maps discovered:
D:1:      tarquinn_simple_flora_water_a, layout_basic
D:2:      layout_rooms, uniq_natasha
D:4:      layout_cave_pods, minmay_temple_entry_stoned_glass,
          serial_co_window_serial, co_window_of_opportunity_a,
          co_window_corner_a, co_window_paths_b, co_window_paths_a,
          co_window_paths_b, co_window_unsneaky_path_d, co_window_corner_b,
          co_window_paths_c, co_window_paths_c, glass_columns_b, glass_columns_b

Skill      XL: |  1  2 |
---------------+-------+-----
Throwing       | 2 |  2.1
Dodging        | 3 |  3.0
Fighting       | |  2.3
Long Blades    | |  2.9

Action                     || total
---------------------------++-------
  Melee: Long sword        ||    39
         Touch             ||     6
    Use: Scroll            ||     2
   Stab: Sleeping          ||     2
 Armour: Leather armour    ||    12
  Dodge: Dodged            ||    19

Table legend: (Time is in decaauts)
 A = Elapsed time spent in this place.
 B = Non-inter-level travel time spent in this place.
 C = Inter-level travel time spent in this place.
 D = Time resting spent in this place.
 E = Time spent auto-exploring this place.
 F = Levels seen in this place.
 G = Mean time per level.
                   A        B        C        D        E       F      G
               +--------+--------+--------+--------+--------+-----+--------+
         Total |   1070 |   1017 |     53 |      0 |    861 |   3 |  356.7 |
       Dungeon |   1070 |   1017 |     53 |      0 |    861 |   3 |  356.7 |
               +--------+--------+--------+--------+--------+-----+--------+

Top non-repeatable levels by time:
     D:1: 831 daAuts
     D:4: 160 daAuts
     D:2: 77 daAuts
